 Dungeon Crawl Stone Soup version 0.30.0-19-g36f170ea60 (webtiles) character file.

Game seed: 899598910992440467

3006 quinnr the Zephyrmancer (level 9, -10/75 HPs)
             Began as a Tengu Air Elementalist on May 22, 2023.
             Mangled by a human
             ... wielding a +0 war axe
              (12 damage)
             ... in a bailey on May 28, 2023.
             The game lasted 00:17:22 (7936 turns).

quinnr the Zephyrmancer (Tengu Air Elementalist)    Turns: 7936, Time: 00:17:22

Health: -10/75     AC:  5    Str: 10    XL:     9   Next: 84%
Magic:  9/19       EV: 15    Int: 19    God:
Gold:   223        SH:  0    Dex:  9    Spells: 13/20 levels left

rFire   + . .        i - +1 dagger (venom)
rCold   + . .        (no shield)
rNeg    . . .        p - +1 leather armour "Huvigaown" {rC+ rCorr Dex-5}
rPois   .            (helmet restricted)
rElec   .            t - +0 cloak
rCorr   +            (no gloves)
SInv    .            (boots unavailable)
Will    .....        u - amulet of magic regeneration Stlth
                     F - ring of protection from fire
HPRegen 0.32/turn    (no ring)
MPRegen 0.56/turn

%: no passive effects
@: berserking (expiring), flying quickly and evasively, very quick
A: beak, talons 3, nimble flight
a: no special abilities


You were in a bailey.
You visited 2 branches of the dungeon, and saw 8 of its levels.
You also visited: Bailey.

You collected 245 gold pieces.
You spent 22 gold pieces at shops.


Innate Abilities, Weirdness & Mutations

You have a beak for a mouth.
You have claws for feet.
Your magical nature lets you fly swiftly and evasively.


   Skills:
 - Level 3.0 Fighting
 - Level 3.0 Armour
 - Level 7.0 Dodging
 - Level 6.0 Stealth
 - Level 6.0 Spellcasting
 - Level 1.3 Conjurations
 + Level 10.6 Air Magic


You had 13 spell levels left.
You knew the following spells:

 Your Spells              Type           Power      Damage    Failure   Level
a - Airstrike             Air            23%        2d(4-20)  1%          4
t - Static Discharge      Conj/Air       56%        2-5/arc   1%          2
z - Shock                 Conj/Air       100%       1d9       1%          1

Your spell library contained the following spells:

 Spells                   Type           Power      Damage    Failure   Level
 Swiftness                Air            46%        N/A       1%          3
 Simulacrum               Ice/Necr       2%         N/A       100%        6
 Ozocubu's Refrigeration  Ice            2%         4d8       100%        7
 Polar Vortex             Ice            2%         N/A       100%        9

Inventory:

Hand Weapons
 i - a +1 dagger of venom (weapon)
Armour
 a - a +0 robe
 p - the +1 leather armour "Huvigaown" (worn) {rC+ rCorr Dex-5}
   (You found it on level 5 of the Dungeon)

   Dex:       It affects your dexterity (-5).
   rC:        It protects you from cold.
   rCorr:     It protects you from acid and corrosion.
 t - a +0 cloak (worn)
Jewellery
 l - the amulet of Vaturr {Acrobat rElec Int-4 Dex+8 Stlth-}
   (You found it on level 4 of the Dungeon)

   [amulet of the acrobat]

   It increases your evasion while moving and waiting.
   Int:       It affects your intelligence (-4).
   Dex:       It affects your dexterity (+8).
   rElec:     It insulates you from electricity.
   Stlth:     It makes you less stealthy.
 u - an amulet of magic regeneration (around neck)
 F - a ring of protection from fire (left hand)
Scrolls
 c - 3 scrolls of teleportation {@r2}
 f - 2 scrolls of poison
 g - 4 scrolls of enchant weapon {unknown}
 m - 2 scrolls of magic mapping
 n - a scroll of fear
 r - 2 scrolls of enchant armour
 s - a scroll of immolation
Potions
 b - 2 potions of magic
 e - 3 potions of degeneration
 j - 4 potions of lignification
 k - a potion of resistance
 o - a potion of mutation
 v - a potion of ambrosia

Dungeon Overview and Level Annotations

Branches:
Dungeon (7/15)             Temple (1/1) D:4          Bailey (1/1)

Altars:
Ashenzari
Cheibriados
Elyvilon
Fedhas
Gozag
Hepliaklqana
Kikubaaqudgha
Nemelex Xobeh
Qazlal
Wu Jian
Xom
Yredelemnul
The Shining One

Shops:
D:1 *   D:6 *

Annotations:
D:6 2 transporters

▒▒▒ ....
▒▒▒▒▒
...▒▒...▒▒
...'..∩..▒
▒▒▒▒▒).)p@▒
▒~~~'..†..▒
▒~~~~▒▒...▒▒
+~~~ ▒▒▒▒▒
▒~~ ▒▒


You could see a human (extremely poisoned).


Message History

You barely miss the human.
The human is lightly wounded.
The bullfrog misses you. The human completely misses you.
You are too berserk!
You hit the human. Your peck misses the human.
The human is moderately wounded.
The bullfrog hits you but does no damage.
You hit the bullfrog.
The bullfrog is poisoned.
You claw the bullfrog.
You kill the bullfrog!
The human closely misses you.
You closely miss the human. Your kick misses the human.
Your peck misses the human.
The human is moderately wounded.
The human hits you but does no damage.
You hit the human.
The human looks as sick as possible!
The human is heavily wounded.
You hit the human.
The human looks as sick as possible!
Your kick misses the human. Your peck misses the human.
The human is heavily wounded.
The human hits you with a +0 war axe.
* * * LOW HITPOINT WARNING * * *
You barely miss the human. Your kick misses the human.
The human is severely wounded.
The human closely misses you.
You closely miss the human.
The human is severely wounded.
You barely miss the human. Your kick misses the human.
The human is severely wounded.
The human hits you with a +0 war axe!
You die...

Skill      XL: |  1  2  3  4  5  6  7  8  9 |
---------------+----------------------------+-----
Air Magic      | 5 6 7 10 | 10.6
Stealth        | 3 4 5 6 |  6.0
Spellcasting   | 3 4 6 |  6.0
Dodging        | 3 4 7 |  7.0
Fighting       | 2 3 |  3.0
Armour         | 3 |  3.0
Conjurations   | |  1.3

Action                     |  1- 3 |  4- 6 |  7- 9 || total
---------------------------+-------+-------+-------++-------
  Melee: Unarmed           |     2 |       |       ||     2
         Peck              |     1 |       |     4 ||     5
         Kick              |     2 |     1 |     6 ||     9
         Dagger            |     3 |     2 |    33 ||    38
   Cast: Shock             |    83 |   107 |   139 ||   329
         Static Discharge  |       |     3 |    29 ||    32
         Airstrike         |       |       |    51 ||    51
    Use: Potion            |     1 |       |     3 ||     4
         Scroll            |       |       |    13 ||    13
 Armour: Robe              |     5 |     1 |     1 ||     7
         Leather armour    |       |       |    16 ||    16
  Dodge: Dodged            |    18 |     4 |   126 ||   148

Levels and vault maps discovered:
D:1:      lemuel_arrival_room, layout_loops_ring, serial_shops,
          nicolae_shop_stone, dk_noncrumbling_3
D:2:      layout_basic, basic_altar, uniq_robin, uniq_natasha
D:3:      layout_basic, led_sif_pool, lemuel_tele_altar,
          shapermc_ecumenical_altar_venn
D:4:      layout_loops_ring, minmay_temple_entry_ruins, mrwooster_statue_mirror,
          kennysheep_generic_room_7
D:5:      layout_basic, nicolae_kite_square_tiling_tiny
D:6:      gammafunk_steamed_eel, layout_cave_pods,
          grunt_temple_overflow_forces_of_nature, serial_shops,
          nicolae_stop_n_shop_1, serial_column_ruins, column_ruins_grid_2,
          column_ruins_open_small, column_ruins_columns_plus,
          column_ruins_grid_1, column_ruins_corridor_straight,
          column_ruins_open_tiny, column_ruins_grid_3, minmay_misc_feat_plants,
          st_stairs_2, minmay_fractal_squares_diagonal_5
D:7:      layout_basic, enter_bailey_3
Temple:   compressed_dpeg_circular_temple
Bailey:   bailey_axe_froggy_fort_hellmonk, bailey

Notes
Turn   | Place    | Note
-------+----------+-------------------------------------------
     0 | D:1      | quinnr the Tengu Air Elementalist began the quest for the
                  | Orb.
     0 | D:1      | Reached XP level 1. HP: 10/10 MP: 4/4
   232 | D:1      | Upgraded the game from 0.30.0-17-ge0270778cf to
                  | 0.30.0-19-g36f170ea60
   264 | D:1      | Reached XP level 2. HP: 15/15 MP: 1/6
   335 | D:1      | Found Xyvvid's Assorted Antiques.
  1199 | D:1      | Reached XP level 3. HP: 19/19 MP: 2/7
  1430 | D:2      | Reached skill level 5 in Air Magic
  1431 | D:2      | Noticed Robin
  1439 | D:2      | Killed Robin
  1797 | D:2      | Found an opulent altar of Gozag.
  1852 | D:2      | Reached XP level 4. HP: 20/24 MP: 1/8
  2073 | D:2      | Reached skill level 3 in Stealth
  2140 | D:2      | Learned a level 4 spell: Airstrike
  2143 | D:2      | Learned a level 2 spell: Static Discharge
  2244 | D:2      | Noticed Natasha
  2253 | D:2      | Killed Natasha
  2254 | D:2      | Reached skill level 3 in Spellcasting
  2254 | D:2      | Gained mutation: Your magical nature lets you fly swiftly
                  | and evasively. [Tengu growth]
  2254 | D:2      | Reached XP level 5. HP: 9/28 MP: 3/10
  2339 | D:3      | Found an ancient bone altar of Kikubaaqudgha.
  2787 | D:4      | Reached skill level 6 in Air Magic
  2860 | D:4      | Found a staircase to the Ecumenical Temple.
  2865 | D:4      | Identified the amulet of Vaturr {Acrobat rElec Int-4 Dex+8
                  | Stlth-}
  2912 | D:4      | Reached XP level 6. HP: 32/32 MP: 4/12
  2944 | D:4      | Reached skill level 4 in Stealth
  3097 | Temple   | Entered the Ecumenical Temple
  3206 | D:4      | Noticed a black bear
  3214 | D:4      | Killed a black bear
  3215 | D:4      | Reached skill level 4 in Spellcasting
  3215 | D:4      | Reached skill level 7 in Air Magic
  3486 | D:4      | Reached skill level 3 in Dodging
  3486 | D:4      | Reached XP level 7. HP: 36/36 MP: 9/14
  3779 | D:4      | Reached skill level 4 in Dodging
  3953 | D:5      | Entered Level 5 of the Dungeon
  4041 | D:5      | Reached skill level 1 in Fighting
  4112 | D:5      | Reached skill level 2 in Fighting
  4187 | D:5      | Identified the +1 leather armour "Huvigaown" {rC+ rCorr
                  | Dex-5}
  4306 | D:5      | Reached skill level 1 in Armour
  4776 | D:5      | Reached skill level 2 in Armour
  4801 | D:4      | Reached skill level 5 in Stealth
  4950 | D:4      | Reached skill level 3 in Armour
  4950 | D:4      | Reached XP level 8. HP: 45/45 MP: 2/15
  5100 | D:5      | Reached skill level 3 in Fighting
  5694 | D:6      | Reached skill level 6 in Stealth
  5758 | D:5      | Reached skill level 5 in Dodging
  5823 | D:5      | Reached skill level 6 in Dodging
  6620 | D:6      | Found Gaexal's General Store.
  6628 | D:6      | Bought a scroll of identify for 22 gold pieces
  6632 | D:6      | Identified a potion of resistance
  6695 | D:6      | Found a stormy altar of Qazlal.
  6705 | D:6      | Found a blossoming altar of Fedhas.
  6711 | D:6      | Found a transporter.
  6848 | D:6      | Reached skill level 7 in Dodging
  6852 | D:6      | Reached XP level 9. HP: 43/50 MP: 0/16
  6878 | D:6      | Found a transporter.
  6940 | D:6      | Reached skill level 8 in Air Magic
  7100 | D:6      | Reached skill level 5 in Spellcasting
  7621 | D:7      | Reached skill level 9 in Air Magic
  7680 | D:7      | Found a flagged portal.
  7800 | Bailey   | Entered a bailey
  7910 | Bailey   | Reached skill level 6 in Spellcasting
  7917 | Bailey   | Reached skill level 10 in Air Magic
  7927 | Bailey   | HP: 1/75 [human/+0 war axe (7)]
  7933 | Bailey   | HP: 2/75 [human/+0 war axe (1)]
  7936 | Bailey   | Mangled by a human

Vanquished Creatures
  A human (Bailey)
  A water moccasin (D:5)
  A sky beast (D:6)
  4 ice beasts
  3 ogres
  3 black bears
  An orc warrior (D:6)
  A centaur (D:7)
  3 phantoms
  A kobold brigand (D:5)
  5 bullfrogs (Bailey)
  2 scorpions
  2 howler monkeys (D:5)
  3 jellies
  4 hounds
  3 orc priests
  3 iguanas (D:4)
  A sleepcap (D:5)
  An orc wizard (D:5)
  Natasha (D:2)
  Robin (D:2)
  12 gnolls
  8 adders
  A white imp (D:5)
  3 ufetubi
  4 worms
  3 dart slugs
  18 orcs
  2 bats
  6 endoplasms
  A giant cockroach (D:4)
  17 goblins
  11 hobgoblins
  11 kobolds
  4 quokkas
  4 ball pythons
  3 frilled lizards
  4 rats
157 creatures vanquished.

Table legend: (Time is in decaauts)
 A = Elapsed time spent in this place.
 B = Non-inter-level travel time spent in this place.
 C = Inter-level travel time spent in this place.
 D = Time resting spent in this place.
 E = Time spent auto-exploring this place.
 F = Levels seen in this place.
 G = Mean time per level.
                   A        B        C        D        E       F      G
               +--------+--------+--------+--------+--------+-----+--------+
         Total |   7713 |   7366 |    347 |   1106 |   5072 |   9 |  857.0 |
       Dungeon |   7503 |   7166 |    337 |   1006 |   5012 |   7 | 1071.9 |
        Temple |     78 |     69 |      9 |      0 |     60 |   1 |   78.0 |
        Bailey |    131 |    131 |      0 |    100 |      0 |   1 |  131.0 |
               +--------+--------+--------+--------+--------+-----+--------+

Top non-repeatable levels by time:
     D:5: 1847 daAuts
     D:4: 1703 daAuts
     D:1: 1153 daAuts
     D:2: 1111 daAuts
     D:6: 1023 daAuts
     D:3: 472 daAuts
     D:7: 192 daAuts
  Bailey: 131 daAuts
  Temple: 78 daAuts

Table legend:
 A = Non-vault XP
 B = Vault XP
 C = Vault XP percentage of total XP
 D = Non-vault monster count
 E = Vault monster count
 F = Vault count percentage of total count
                 A         B        C        D         E       F
            +---------+---------+-------+---------+---------+-------
      Total |    3060 |    1235 |  28.8 |     128 |      29 |  18.5
            +---------+---------+-------+---------+---------+-------
        D:1 |      32 |       0 |   0.0 |      19 |       0 |   0.0
        D:2 |      81 |      67 |  45.3 |      15 |      10 |  40.0
        D:3 |      47 |       0 |   0.0 |      11 |       0 |   0.0
        D:4 |     642 |      46 |   6.7 |      29 |       1 |   3.3
        D:5 |    1082 |      40 |   3.6 |      25 |       1 |   3.8
        D:6 |     814 |     431 |  34.6 |      16 |       6 |  27.3
        D:7 |     362 |       6 |   1.6 |      13 |       4 |  23.5
     Bailey |       0 |     645 | 100.0 |       0 |       7 | 100.0
            +---------+---------+-------+---------+---------+-------

Levels and vault maps discovered:
D:1:      lemuel_arrival_room, layout_loops_ring, serial_shops,
          nicolae_shop_stone, dk_noncrumbling_3
D:2:      layout_basic, basic_altar, uniq_robin, uniq_natasha
D:3:      layout_basic, led_sif_pool, lemuel_tele_altar,
          shapermc_ecumenical_altar_venn
D:4:      layout_loops_ring, minmay_temple_entry_ruins, mrwooster_statue_mirror,
          kennysheep_generic_room_7
D:5:      layout_basic, nicolae_kite_square_tiling_tiny
D:6:      gammafunk_steamed_eel, layout_cave_pods,
          grunt_temple_overflow_forces_of_nature, serial_shops,
          nicolae_stop_n_shop_1, serial_column_ruins, column_ruins_grid_2,
          column_ruins_open_small, column_ruins_columns_plus,
          column_ruins_grid_1, column_ruins_corridor_straight,
          column_ruins_open_tiny, column_ruins_grid_3, minmay_misc_feat_plants,
          st_stairs_2, minmay_fractal_squares_diagonal_5
D:7:      layout_basic, enter_bailey_3
Temple:   compressed_dpeg_circular_temple
Bailey:   bailey_axe_froggy_fort_hellmonk, bailey
